 Dungeon Crawl Stone Soup version 0.28-a0-1555-g9ae15a6949 (webtiles) character file.

Game seed: 7704127706452757850

313 miscthings the Charlatan (level 5, -1/39 (42) HPs)
             Began as a Demigod Artificer on Jan 18, 2022.
             Slain by a wight (7 damage)
             ... on level 6 of the Dungeon.
             The game lasted 00:06:44 (4627 turns).

miscthings the Charlatan (Demigod Artificer)        Turns: 4627, Time: 00:06:44

HP:   -1/39 (42)    AC: 16    Str: 17    XL:     5   Next: 98%
MP:   7/7           EV: 10    Int: 13    God:
Gold: 225           SH:  0    Dex: 14    Spells: 4/4 levels left

rFire   + . .      SeeInvis .   u - +4 mace of Jixkir {protect, Drain rF+ rC+}
rCold   + . .      Faith    .   (no shield)
rNeg    . . .      Spirit   .   r - +0 scale mail
rPois   .          Reflect  .   (no helmet)
rElec   .          Harm     .   t - +2 cloak {rCorr}
rCorr   +          Rampage  .   (no gloves)
Will    .....                   (no boots)
Stlth   ..........              (no amulet)
HPRegen 0.13/turn               (no ring)
MPRegen 0.10/turn               (no ring)

@: under a protective aura, drained
A: high mp 1, forlorn, divine attributes
a: no special abilities


You were on level 6 of the Dungeon.
You visited 1 branch of the dungeon, and saw 6 of its levels.

You collected 280 gold pieces.
You spent 55 gold pieces at shops.

Inventory:

Hand Weapons
 f - a +0 dagger
 s - a +2 quarterstaff of chaos
 u - the +4 mace of Jixkir (weapon) {protect, Drain rF+ rC+}
   (You found it on level 3 of the Dungeon)

   It grants its wielder temporary protection when it strikes (+7 to AC).
   rF:        It protects you from fire.
   rC:        It protects you from cold.
   Drain:     It drains your maximum health when unequipped.
Missiles
 a - 2 atropa-tipped darts
Armour
 b - a +0 leather armour
 r - a +0 scale mail (worn)
 t - a +2 cloak of preservation (worn)
Wands
 c - a wand of flame (5) (quivered)
 d - a wand of charming (15)
Scrolls
 g - 2 scrolls of enchant weapon {unknown}
 h - 2 scrolls of enchant armour {unknown}
 i - a scroll of holy word {unknown}
 k - 2 scrolls of teleportation {unknown}
 l - a scroll of noise {unknown}
 m - a scroll of torment {unknown}
 n - a scroll of magic mapping {unknown}
 v - 4 scrolls of identify {unknown}
 w - a scroll of fog {unknown}
Potions
 j - a potion of degeneration {unknown}
 o - a potion of brilliance {unknown}
 p - a potion of magic {unknown}
 q - a potion of heal wounds
 x - a potion of attraction
Miscellaneous
 e - a piece from Xom's chessboard (15/15)


   Skills:
 + Level 2.3 Fighting
 + Level 1.3 Maces & Flails
 + Level 2.0 Throwing
 + Level 3.0 Armour
 + Level 2.2 Dodging
 - Level 0.8 Stealth
 + Level 3.8 Evocations


You had 4 spell levels left.
You didn't know any spells.
Your spell library contained the following spells:

 Spells                   Type           Power      Damage    Failure   Level
 Pain                     Necr           0%         1d4       71%         1
 Animate Dead             Necr           0%         N/A       100%        4
 Agony                    Necr           0%         N/A       100%        5
 Borgnjor's Vile Clutch   Necr/Erth      0%         N/A       100%        5
 Excruciating Wounds      Necr           0%         N/A       100%        5
 Death Channel            Necr           0%         N/A       100%        6


Dungeon Overview and Level Annotations

Branches:
Dungeon (7/15)
 Temple: D:4-7

Shops:
D:3 !   D:4 =


Innate Abilities, Weirdness & Mutations

You have an increased reservoir of magic. (+10% MP)
You shall have no god before yourself.
Your divine heritage dramatically boosts your attributes as you level up.


Message History

The wight is moderately damaged.
The wight barely misses you. The wight hits you but does no damage.
You closely miss the wight.
The wight is moderately damaged.
The wight closely misses you.
The wight hits you from afar with a +0 spear.
You hit the wight but do no damage.
The wight is moderately damaged.
The wight hits you with a +0 hand axe.
You feel drained.
The wight hits you but does no damage. x2
You hit the wight but do no damage.
The wight is moderately damaged.
The wight barely misses you.
The wight hits you but does no damage. x2
You hit the wight but do no damage.
The wight is moderately damaged.
The wight misses you. The wight hits you but does no damage.
You hit the wight.
The wight is severely damaged.
The wight hits you with a +0 hand axe. The wight hits you but does no damage.
You closely miss the wight.
The wight is severely damaged.
The wight hits you but does no damage. The wight closely misses you.
The wight hits you with a +0 hand axe. The wight hits you but does no damage.
You sock the wight!
You destroy the wight!
The wight closely misses you.
Your life force feels restored.
Your Armour skill increases to level 3!
You barely miss the wight. The wight hits you with a +0 scimitar.
You feel drained.
The wight hits you from afar with a +0 spear.
The wight hits you but does no damage. The wight hits you with a +0 scimitar!
* * * LOW HITPOINT WARNING * * *
You feel drained.
* * * LOW HITPOINT WARNING * * *
You feel less attractive to monsters.
You hit the wight.
The wight is lightly damaged.
The wight hits you from afar with a +0 spear!
You die...

....####.###'### ...
#+#.....# .. #.....# .
#.....# #.....# #.....#
#zz...#
#############zzZ..#
#...#...........@######
#...+.)..........#
#...#............#
#...#............#
#...#............#
#...#.....########
#...#.....# #...#.....#
#...'.....#


You could see 4 wights and a water moccasin zombie.

Vanquished Creatures
  A bullfrog (D:6)
  A wight (D:6)
  A hound (D:6)
  Crazy Yiuf (D:3)
  2 orc wizards (D:3)
  2 adders
  An ufetubus (D:6)
  An adder skeleton (D:4)
  2 dart slugs
  3 orcs (D:3)
  4 bats
  9 endoplasms
  3 giant cockroaches (D:3)
  4 goblins
  8 hobgoblins
  4 jackals (D:2)
  A quokka (D:1)
  6 ball pythons
  A frilled lizard (D:3)
  9 kobolds
  6 rats
70 creatures vanquished.

Vanquished Creatures (others)
  A plant (D:1)
1 creature vanquished.

Grand Total: 71 creatures vanquished

Notes
Turn   | Place    | Note
-------+----------+-------------------------------------------
     0 | D:1      | miscthings the Demigod Artificer began the quest for the
                  | Orb.
     0 | D:1      | Reached XP level 1. HP: 15/15 MP: 3/3
   548 | D:1      | Reached skill level 1 in Dodging
   552 | D:1      | Reached skill level 1 in Fighting
   559 | D:1      | Reached XP level 2. HP: 8/23 MP: 4/4
  1483 | D:2      | Reached XP level 3. HP: 28/28 MP: 5/5
  2062 | D:2      | Reached skill level 1 in Throwing
  3119 | D:3      | Found Doadghoocs's Distillery.
  3134 | D:3      | Bought a potion of heal wounds for 55 gold pieces
  3165 | D:3      | Found a runed translucent door.
  3166 | D:3      | Noticed Crazy Yiuf
  3605 | D:3      | Killed Crazy Yiuf
  3606 | D:3      | Reached XP level 4. HP: 20/36 MP: 6/6
  3628 | D:3      | Identified the +4 mace of Jixkir {protect, Drain rF+ rC+}
  4093 | D:4      | Reached XP level 5. HP: 18/41 MP: 7/7
  4400 | D:4      | Found Yrphim's Jewellery Shoppe.
  4401 | D:4      | You fall into a shaft and drop 3 floors!
  4401 | D:7      | Noticed a slime creature
  4401 | D:7      | Noticed a slime creature
  4401 | D:7      | Noticed a slime creature
  4426 | D:6      | Reached skill level 1 in Maces & Flails
  4627 | D:6      | Slain by a wight

Illustrated notes

Levels and vault maps discovered:
D:1:      wander_arrival_peaceful_grave, layout_rooms,
          shapermc_ecumenical_altar_mp_urbaneastern
D:2:      layout_basic
D:3:      layout_loops_ring, mainiacjoe_overflow_cross_hatched,
          chequers_temple_overflow_statue_of_worship, serial_shops, shop_coins,
          uniq_crazy_yiuf_cottage
D:4:      layout_loops_ring, minmay_temple_entry_statues_fountains,
          serial_shops, shop, uniq_duvessa
D:6:      hangedman_cross_stitches, layout_gridville, minmay_misc_feat_tiny
D:7:      layout_cave_pools, mainiacjoe_overflow_small_starburst, serial_shops,
          shop, shop, patterned_corridor, uniq_maggie

Skill      XL: |  1  2  3  4  5 |
---------------+----------------+-----
Evocations     | 3 |  3.8
Dodging        | 1 2 |  2.2
Fighting       | 1 2 |  2.3
Armour         | 2 3 |  3.0
Throwing       | 1 2 |  2.0
Maces & Flails | 1 |  1.3
Stealth        | |  0.8

Action                   |  1- 3 |  4- 6 || total
-------------------------+-------+-------++-------
Melee: Dagger            |   264 |       ||   264
       Club              |     9 |       ||     9
       Punch             |     4 |     1 ||     5
       Mace              |       |    60 ||    60
Evoke: Piece from Xom's  |     8 |       ||     8
       Wand              |    10 |       ||    10
  Use: Potion            |       |     1 ||     1
 Stab: Sleeping          |     2 |       ||     2
       Petrified         |     6 |       ||     6
Armor: Leather armour    |    79 |       ||    79
       Scale mail        |     1 |    64 ||    65
Dodge: Dodged            |   157 |    48 ||   205

Table legend: (Time is in decaauts)
 A = Elapsed time spent in this place.
 B = Non-inter-level travel time spent in this place.
 C = Inter-level travel time spent in this place.
 D = Time resting spent in this place.
 E = Time spent auto-exploring this place.
 F = Levels seen in this place.
 G = Mean time per level.
                   A        B        C        D        E       F      G
               +--------+--------+--------+--------+--------+-----+--------+
         Total |   4620 |   4445 |    175 |   1994 |   1525 |   6 |  770.0 |
       Dungeon |   4620 |   4445 |    175 |   1994 |   1525 |   6 |  770.0 |
               +--------+--------+--------+--------+--------+-----+--------+

Top non-repeatable levels by time:
     D:1: 1460 daAuts
     D:2: 1352 daAuts
     D:3: 1197 daAuts
     D:4: 375 daAuts
     D:6: 214 daAuts
     D:7: 18 daAuts
